AoeStats
← kV0t3

Hill Fort

505926486Analyzed
4v4 RM · 20d ago on Sep 11, 2026· 67m 11s· 8 players
Game mode
Random Map
Map size
Large (8 player)
Population
200
Speed
Normal
Resources
Standard
Victory
Conquest
Starting age
Dark Age
Ending age
Imperial Age
RankedLock teamsTeams togetherTeam positionsShared explorationLock speedFull tech treeHidden civsTurbo modeCheats
Victory
Defeat
🇦🇷 Khmer · Argentina
1406
+14
🇦🇷 Bulgarians · Argentina
1399
+14
🇦🇷 Shu · Argentina
1375
+15
🇦🇷 Cumans · Argentina
1366
+15
🇨🇱 Romans · Chile
1382
-16
🇺🇸 Saracens · United States
1348
-14
🇪🇸 Britons · Spain
1347
-14
🇵🇹 Turks · Portugal
1332
-14
alexgelas
7:06 Loom
10:45 Feudal Age
11:24 Double-Bit Axe
11:21 Horse Collar
18:42 Castle Age
16:44 Horse Collar
17:26 Fletching
17:54 Gold Mining
18:46 Crossbowman
19:23 Bodkin Arrow
20:09 Bow Saw
22:12 Padded Archer Armor
24:30 Ballistics
25:08 Heavy Plow
28:24 Stone Mining
29:34 Wheelbarrow
37:19 Scale Barding Armor
41:34 Imperial Age
39:58 Chain Barding Armor
40:31 Forging
41:25 Bloodlines
41:16 Husbandry
42:19 Hand Cart
41:41 Elite Mameluke
43:17 Conscription
44:01 Plate Barding Armor
44:01 Iron Casting
44:11 Gold Shaft Mining
43:46 Capped Ram
44:19 Light Cavalry
47:14 Arbalester
48:57 Blast Furnace
47:58 Bracer
48:37 Thumb Ring
49:34 Chemistry
49:36 Caravan
54:47 Siege Ram
58:20 Town Watch
60:41 Hussar
[Tumbis] The Fujur
11:39 Feudal Age
18:08 Castle Age
17:19 Double-Bit Axe
17:16 Horse Collar
17:44 Loom
18:34 Man-at-Arms
19:16 Squires
20:00 Scale Barding Armor
19:57 Scale Mail Armor
20:10 Forging
20:29 Long Swordsman
22:23 Fishing Lines
23:09 Gold Mining
23:09 Stone Mining
26:02 Wheelbarrow
25:15 Town Watch
26:19 Gold Shaft Mining
26:19 Gillnets
27:17 Fletching
27:28 Padded Archer Armor
30:05 Chain Mail Armor
33:27 Imperial Age
35:15 Chemistry
34:41 Conscription
34:43 Comitatenses
36:02 Heavy Plow
36:47 Ballistics
Hillary Clinton
10:58 Feudal Age
14:24 Double-Bit Axe
17:17 Castle Age
15:38 Horse Collar
17:36 Fletching
17:46 Padded Archer Armor
20:41 Bodkin Arrow
23:46 Leather Archer Armor
23:48 Loom
24:39 Wheelbarrow
32:05 Imperial Age
29:24 Town Watch
33:01 Bracer
33:24 Gold Mining
35:40 Ring Archer Armor
35:59 Gold Shaft Mining
36:27 Conscription
40:17 Elite Longbowman
BARAKA wins!
11:39 Feudal Age
12:14 Loom
15:57 Castle Age
14:54 Fletching
19:24 Double-Bit Axe
23:55 Horse Collar
25:08 Bodkin Arrow
37:00 Wheelbarrow
41:14 Bloodlines
41:23 Gold Mining
42:41 Padded Archer Armor
44:01 Bow Saw
45:02 Leather Archer Armor
46:36 Stone Mining
47:23 Gold Shaft Mining
47:01 Heavy Plow
48:13 Husbandry
48:23 Scale Barding Armor
49:37 Sipahi
50:36 Hand Cart
53:40 Imperial Age
51:59 Chain Barding Armor
51:52 Forging
55:03 Ring Archer Armor
55:11 Plate Barding Armor
55:53 Iron Casting
56:22 Conscription
59:02 Masonry
64:38 Blast Furnace
kV0t3
0:27 Loom
9:48 Feudal Age
10:25 Double-Bit Axe
24:05 Castle Age
23:04 Fletching
24:19 Padded Archer Armor
24:56 Gold Mining
25:24 Bow Saw
25:24 Elite Skirmisher
28:20 Bodkin Arrow
30:10 Wheelbarrow
32:46 Capped Ram
34:30 Leather Archer Armor
34:38 Horse Collar
39:09 Imperial Age
39:35 Bloodlines
41:43 Ballistics
41:13 Elite Kipchak
43:05 Elite Kipchak
44:14 Conscription
44:24 Hand Cart
45:12 Two-Man Saw
44:16 Heavy Plow
45:48 Ring Archer Armor
46:24 Chemistry
47:56 Crossbowman
48:41 Thumb Ring
50:01 Thumb Ring
51:55 Gold Shaft Mining
51:11 Stone Mining
51:52 Crop Rotation
51:50 Scale Barding Armor
51:56 Forging
52:25 Steppe Husbandry
52:13 Light Cavalry
53:37 Hussar
54:43 Chain Barding Armor
56:25 Plate Barding Armor
56:34 Iron Casting
56:28 Masonry
60:27 Blast Furnace
66:57 Town Watch
AlleN ★
7:46 Loom
9:58 Feudal Age
11:43 Loom
14:47 Castle Age
12:49 Double-Bit Axe
14:41 Horse Collar
14:54 Gold Mining
15:49 Bow Saw
17:52 Fletching
29:28 Wheelbarrow
31:29 Hand Cart
31:35 Husbandry
34:19 Thumb Ring
33:59 Crossbowman
37:36 Imperial Age
35:29 Ballistics
35:38 Heavy Plow
35:58 Bodkin Arrow
36:03 Padded Archer Armor
36:24 Stone Mining
36:51 Elite Skirmisher
38:10 Arbalester
38:57 Bracer
39:12 Leather Archer Armor
39:26 Conscription
42:51 Chemistry
41:35 Pikeman
43:42 Capped Ram
46:27 Ring Archer Armor
49:46 Town Watch
54:31 Masonry
54:28 Siege Engineers
57:57 Siege Ram
63:02 Squires
63:10 Scale Mail Armor
63:21 Forging
maikoLin
10:45 Feudal Age
14:58 Castle Age
14:18 Loom
17:50 Scale Barding Armor
17:58 Forging
18:00 Double-Bit Axe
22:43 Chain Barding Armor
32:15 Fletching
36:23 Bow Saw
36:07 Gold Mining
35:59 Horse Collar
38:33 Iron Casting
40:55 Imperial Age
39:46 Town Watch
40:37 Wheelbarrow
40:39 Iron Casting
42:41 Plate Barding Armor
42:28 Bloodlines
42:16 Light Cavalry
42:57 Husbandry
43:58 Blast Furnace
43:52 Hussar
48:54 Gold Shaft Mining
48:37 Stirrups
50:13 Conscription
50:54 Heavy Plow
54:28 Hand Cart
54:52 Stone Mining
56:22 Scale Mail Armor
56:24 Squires
56:09 Gambesons
56:30 Bagains
57:24 Chain Mail Armor
61:41 Plate Mail Armor
61:36 Arson
62:15 Bodkin Arrow
62:38 Capped Ram
63:39 Siege Engineers
65:06 Chemistry
63:49 Siege Ram
66:54 Murder Holes
ZIZOU
9:00 Loom
10:45 Feudal Age
14:48 Castle Age
13:02 Double-Bit Axe
27:54 Forging
27:35 Fletching
35:08 Bloodlines
34:58 Husbandry
37:02 Wheelbarrow
40:52 Imperial Age
39:28 Husbandry
39:47 Bow Saw
40:35 Crossbowman
41:39 Arbalester
42:47 Scale Barding Armor
42:38 Bodkin Arrow
43:55 Elite Battle Elephant
47:14 Conscription
46:59 Padded Archer Armor
48:17 Gold Mining
49:46 Bracer
50:45 Ballistics
51:26 Chemistry
51:43 Hand Cart
52:26 Forging
54:09 Leather Archer Armor
54:29 Iron Casting
56:15 Capped Ram
57:39 Redemption
56:58 Elite Skirmisher
57:50 Siege Ram
64:17 Chain Barding Armor
64:32 Iron Casting
65:40 Pikeman
65:56 Light Cavalry
66:40 Hussar
Connection lost

Rejoining the realm…

Still unreachable

The connection could not be restored.

Session expired

The server has moved on; the page needs a fresh start.